 Dungeon Crawl Stone Soup version 0.21-a0-440-g28109cb (webtiles) character file.

36 theanonym the Ruffian (level 3, 0/31 HPs)
             Began as a Ghoul Monk on Nov 10, 2017.
             Slain by Sigmund
             ... wielding a +0 scythe
              (11 damage)
             ... on level 2 of the Dungeon.
             The game lasted 00:01:12 (1504 turns).

theanonym the Ruffian (Ghoul Monk)                  Turns: 1504, Time: 00:01:13

Health: 0/31       AC:  2    Str: 15    XL:     3   Next: 37%
Magic:  2/2        EV: 12    Int:  5    God:
Gold:   79         SH:  0    Dex: 11    Spells: 2/2 levels left

rFire    . . .     SeeInvis .     - Unarmed
rCold    + . .     Gourm    .   (no shield)
rNeg     + + +     Faith    .   a - +0 robe
rPois    ∞         Spirit   .   (no helmet)
rElec    .         Reflect  .   (no cloak)
rCorr    .         Harm     .   (no gloves)
MR       .....                  (no boots)
Stlth    ++........             (no amulet)
HPRegen  0.00/turn              (no ring)
MPRegen  0.08/turn              (no ring)

@: rotting
A: rotting body, claws 1, carnivore 3, cold resistance 1, negative energy
resistance 3, inhibited regeneration, torment resistance, unbreathing
a: no special abilities


Innate Abilities, Weirdness & Mutations

Your body is rotting away.
You thrive on raw meat.
You are immune to poison.
You have sharp fingernails.
You are carnivorous and can eat meat at any time.
Your flesh is cold resistant. (rC+)
You are immune to negative energy. (rN+++)
You do not regenerate when monsters are visible.
You are immune to unholy pain and torment.
You can survive without breathing.


   Skills:
 - Level 3.2 Fighting
 - Level 2.6 Dodging
 - Level 2.1 Stealth
 + Level 4.8 Unarmed Combat


You had 2 spell levels left.
You didn't know any spells.

Skill      XL: |  1  2 |
---------------+-------+-----
Unarmed Combat | 4 |  4.8
Fighting       | |  3.2
Dodging        | |  2.6
Stealth        | |  2.1

Action                   || total
-------------------------++-------
Melee: Unarmed           ||   144
 Stab: Sleeping          ||     3
  Eat: Chunk             ||     2
Armor: Robe              ||    26
Dodge: Dodged            ||    77

Inventory:

Armour
 a - a +0 robe (worn)
Scrolls
 c - a scroll of fog {unknown}
 d - 2 scrolls of remove curse {unknown}
 e - 5 scrolls of identify {unknown}
Potions
 h - a potion of degeneration {unknown}
 i - a potion of might {unknown}
Comestibles
 b - 2 meat rations
 g - a royal jelly

Dungeon Overview and Level Annotations

Branches:
Dungeon (2/15)

Altars:

Annotations:
D:2 Sigmund


You were on level 2 of the Dungeon.
You were not hungry.

You visited 1 branch of the dungeon, and saw 2 of its levels.

You collected 79 gold pieces.


Message History

A kobold comes into view. It is wielding a club.
The kobold completely misses you.
There are monsters nearby!
You closely miss the kobold. The kobold hits you with a short sword.
There are monsters nearby!
You closely miss the kobold.
The kobold shouts!
The kobold hits you with a short sword.
You take 5 damage, and have 25/31 hp.
There are monsters nearby!
You claw the kobold!
You kill the kobold!
The kobold hits you with a club.
Found a bubbling inky potion.
You see here a short sword.
You take 1 damage, and have 24/31 hp.
You scratch the kobold. The kobold hits you but does no damage.
You closely miss the kobold. The kobold misses you.
You closely miss the kobold. You barely miss the kobold.
The kobold barely misses you.
You closely miss the kobold. The kobold barely misses you.
You scratch the kobold.
You kill the kobold!
No target in view!
No target in view!
No target in view!
No target in view!
Found 7 gold pieces.
Things that are here:
a club; a kobold corpse You butcher the kobold corpse.
f - 2 chunks of flesh (gained 1)
Things that are here:
a club; a kobold skeleton
Things that are here:
a club; a kobold skeleton You now have 60 gold pieces (gained 11).
You now have 72 gold pieces (gained 12).
Key pressed, stopping explore.
h - a bubbling inky potion You regained 3 hp, and now have 27/31 hp.
You now have 79 gold pieces (gained 7).
Key pressed, stopping explore.
You are feeling hungry.
Health restored: 31 A leopard gecko comes into view.
You see here a cyan potion.
A leopard gecko is nearby!
The helpless leopard gecko fails to defend itself.
You claw the leopard gecko!
You kill the leopard gecko!
No target in view!
No target in view!
No target in view!
i - a cyan potion You feel your flesh rotting away.
Eating one of 2 chunks of flesh.
You eat one of the 2 chunks of flesh.
You feel more resilient.
This raw flesh tastes great!
Found a stone staircase leading up.
Found a stone staircase leading down.
There is a stone staircase leading down here.
A rat comes into view.
A rat is nearby!
A rat is nearby!
A rat is nearby!
A rat is nearby!
A rat is nearby!
The rat completely misses you.
All of the chunks of flesh in your inventory have rotted away.
You scratch the rat. The rat bites you but does no damage.
You barely miss the rat. The rat closely misses you.
You scratch the rat. The rat closely misses you.
You scratch the rat.
You kill the rat!
No target in view!
Key pressed, stopping explore.
No target in view!
No target in view!
Sigmund the Dreaded comes into view.
He is wielding a scythe.
Sigmund is nearby!
Sigmund is nearby!
Sigmund is nearby!
Sigmund is nearby!
Sigmund shouts!
Sigmund gestures at you while chanting. The puff of flame hits you!
You take 6 damage, and have 25/31 hp.
Sigmund hits you from afar with a scythe!
* * * LOW HITPOINT WARNING * * *
You take 14 damage, and have 11/31 hp.
MASSIVE DAMAGE!!
You are too injured to fight recklessly!
You are too injured to fight recklessly!
You are too injured to fight recklessly!
You are too injured to fight recklessly!
You are too injured to fight recklessly!
You are too injured to fight recklessly!
You scratch Sigmund but do no damage.
Sigmund screams, "Die, monster!"
Sigmund hits you with a scythe!
You die...

#.# #.# #.# #.##
#... ########## #
#.........
#.#########.########
#.@@........#
###########.# ###


You could see Sigmund.

Notes
Turn   | Place    | Note
-------+----------+-------------------------------------------
     0 | D:1      | theanonym the Ghoul Monk began the quest for the Orb.
     0 | D:1      | Reached XP level 1. HP: 19/19 MP: 0/0
    82 | D:1      | Reached XP level 2. HP: 16/26 MP: 1/1
   240 | D:1      | Reached skill level 4 in Unarmed Combat
   532 | D:1      | HP: 11/25 [hobgoblin (4)]
   537 | D:1      | HP: 7/25 [bat (1)]
   877 | D:1      | Reached XP level 3. HP: 31/31 MP: 2/2
  1497 | D:2      | Noticed Sigmund
  1502 | D:2      | HP: 11/31 [Sigmund/scythe (14)]
  1504 | D:2      | Slain by Sigmund

Vanquished Creatures
  An ooze (D:1)
  A dart slug (D:1)
  2 leopard geckos
  A giant cockroach (D:1)
  A goblin (D:1)
  A hobgoblin (D:1)
  A jackal (D:1)
  6 bats
  2 frilled lizards (D:1)
  7 kobolds
  5 rats
  A plant (D:1)
29 creatures vanquished.
